Map: Ever Dream LE

Players

Throwfordays - Winner!

  • Race: Protoss Protoss
  • League: Bronze
  • Spawn Location: 1:00

VOD

Have the link to the VOD?

Description

Time

  • Played on: June 26, 2020, 2:15 a.m.
  • Length: 9:07
Show
View Real Time Build Order
Export as new Build Order

Throwfordays Protoss - Winner!

Build Orders:  

Get SALT Encoding   

  12  0:07  Probe (Chrono Boost)  
  13  0:24  Probe (Chrono Boost)  
  14  0:47  Pylon  
  15  0:51  Probe (Chrono Boost)  
  15  1:15  Probe (Chrono Boost)  
  16  1:24  Gateway  
  17  1:32  Probe (Chrono Boost)  
  17  1:36  Assimilator  
  17  1:49  Probe (Chrono Boost)  
  18  1:58  Pylon  
  18  2:06  Nexus  
  19  2:21  Probe (Chrono Boost)  
  19  2:31  Cybernetics Core  
  19  2:38  Probe (Chrono Boost)  
  20  2:55  Probe (Chrono Boost)  
  21  3:04  Gateway  
  21  3:13  Probe (Chrono Boost)  
  22  3:21  Assimilator  
  23  3:30  Probe (Chrono Boost)  
  23  3:46  Probe (Chrono Boost)  
  23  3:47  Probe (Chrono Boost)  
  23  3:49  Robotics Facility  
  25  3:57  Probe (Chrono Boost)  
  25  4:09  Probe (Chrono Boost)  
  27  4:10  Probe (Chrono Boost)  
  28  4:22  Gateway  
  28  4:25  Probe (Chrono Boost)  
  28  4:26  Warp Gate  
  28  4:27  Probe (Chrono Boost)  
  30  4:37  Gateway  
  30  4:42  Probe (Chrono Boost)  
  30  4:43  Probe (Chrono Boost)  
  32  4:57  Immortal  
  36  5:03  Probe (Chrono Boost)  
  36  5:08  Probe (Chrono Boost)  
  39  5:20  Probe (Chrono Boost)  
  39  5:25  Probe (Chrono Boost)  
  40  5:44  Probe (Chrono Boost)  
  41  5:52  Probe (Chrono Boost)  
  41  5:55  Probe (Chrono Boost)  
  41  5:58  Stalker  
  45  6:03  Pylon  
  45  6:09  Probe (Chrono Boost)  
  46  6:10  Pylon  
  46  6:32  Stalker x4  
  54  6:51  Pylon  
  54  7:16  Stalker x2  
  54  7:17  Stalker x2  
Tags
 
League
Bronze
Matchup
Co-op
Replay Pack
Multiplayer
Add a new tag
Caveats
  • Supply blocks, unpowered buildings, or Contaminate may cause inaccurate times.
  • Supply counts are checked every 10 seconds.